[Event "Team 45 45 League T53"]
[Site "Internet Chess Club"]
[Date "2012.06.23"]
[Round "6"]
[White "supermessi"]
[Black "cBishop"]
[Result "0-1"]
[WhiteElo "1506"]
[BlackElo "1606"]
[Opening "Queen's pawn game"]
[ECO "D05"]
[Time "12:12:42"]
[TimeControl "2700+45"]

1. d4 Nf6 2. Nf3 e6 3. e3 d5 4. Bd3 c5 5. O-O c4 6. Be2 Nbd7 7. b3 b5 8. Bb2 Bb7
9. Nbd2 Bd6 10. Ne5 Qc7 11. Ndf3 c3 12. Nxd7 Nxd7 13. Bc1 b4 14. a3 a5 15. Bd3
O-O 16. h3 f5 17. Ng5 Rf6 18. axb4 axb4 19. Rxa8+ Bxa8 20. Qh5 Nf8 21. f4 Bc6
22. Qh4 Be8 23. Be2 Rh6 24. Qf2 Qe7 25. Nf3 Nd7 26. Bb5 Nf6 27. Bxe8 Qxe8 28.
Ne5 Ne4 29. Qf3 Rf6 30. Re1 Bxe5 31. fxe5 Rg6 32. Kh2 Qb5 33. Qd1 Rh6 34. Qd3
Qb6 35. Rf1 g5 36. Kg1 g4 37. hxg4 fxg4 38. Rf4 g3 39. Rg4+ Rg6 40. Qe2 Qa7 41.
Rxg6+ hxg6 42. Qg4 Qf7 43. Qf3 Qh7 44. Kf1 Qh1+ 45. Ke2 Qxc1 46. Qf1 Qxc2+ 47.
Kf3 Nd2+ 48. Kxg3 Nxf1+ 49. Kf3 Qd2 50. g4 Qxe3+ 51. Kg2 Qe2+ 52. Kg1 Ne3 53. g5
c2 54. Kh1 Nd1 55. Kg1 c1=Q 56. Kh1 Qb1 57. Kg1 Qxb3 58. Kh1 Qc3 59. Kg1 b3 60.
Kh1 b2 61. Kg1 b1=Q 62. Kh1 Qb8 63. Kg1 Qxd4+ 64. Kh1 Qdxe5 65. Kg1 d4 66. Kh1
d3 67. Kg1 d2 68. Kh1 Nb2 69. Kg1 d1=Q# {White checkmated} 0-1

[Event "Team 45 45 League T53"]
[Site "Internet Chess Club"]
[Date "2012.06.21"]
[Round "6"]
[White "Hal2001"]
[Black "rahulr"]
[Result "1-0"]
[WhiteElo "1659"]
[BlackElo "1559"]
[Opening "Alekhine's defense: Scandinavian variation"]
[ECO "B02"]
[Time "10:04:46"]
[TimeControl "2700+45"]

1. e4 Nf6 2. Nc3 d5 3. e5 Nfd7 4. d4 e6 5. Nf3 c5 6. dxc5 Bxc5 7. Bd3 Nc6 8. Bf4
Qb6 9. O-O Qxb2 10. Nb5 Kf8 11. Bd2 Ndxe5 12. Bc3 Nxd3 13. Bxb2 Nxb2 14. Qe2 a6
15. Nc3 Nc4 16. Na4 Ba7 17. c3 Bd7 18. Nb2 N6a5 19. Qc2 b5 20. Nxc4 Nxc4 21.
Rfe1 Rc8 22. Qe2 Nd6 23. Ne5 Be8 24. Kh1 Ne4 25. Ng4 Nxc3 26. Qf3 Ke7 27. Rac1
d4 28. Qb7+ {Black resigns} 1-0

[Event "Team 45 45 League T53"]
[Site "Internet Chess Club"]
[Date "2012.06.23"]
[Round "6"]
[White "JohLeb"]
[Black "Gilguli"]
[Result "1-0"]
[WhiteElo "1411"]
[BlackElo "1391"]
[Opening "QGD: Albin counter-gambit"]
[ECO "D08"]
[Time "13:01:25"]
[TimeControl "2700+45"]

1. d4 d5 2. c4 e5 3. Nc3 Nf6 4. dxe5 d4 5. Bg5 dxc3 6. Qxd8+ Kxd8 7. exf6 g6 8.
Rd1+ Bd6 9. c5 c2 10. Rd4 Nc6 11. Rc4 Be5 12. Rxc2 Bf5 13. Rd2+ Ke8 14. Nf3 Rd8
15. Nxe5 Rxd2 16. Kxd2 Nxe5 17. b3 Bb1 18. a3 Nd7 19. b4 h6 20. Bh4 g5 21. Bg3
c6 22. e3 Nxf6 23. Be5 Ke7 24. Bc4 Rd8+ 25. Ke2 Be4 26. f3 Bd5 27. Bxf6+ Kxf6
28. Bxd5 Rxd5 29. Rd1 Rxd1 30. Kxd1 Ke5 31. Kd2 Kd5 32. Kd3 f5 33. g3 b6 34.
cxb6 axb6 35. a4 c5 36. a5 cxb4 37. axb6 b3 38. Kc3 b2 39. Kxb2 Kc6 40. Kc3 Kxb6
41. Kd4 Kc6 42. Ke5 f4 43. exf4 gxf4 44. gxf4 Kd7 45. Kf6 Kd6 46. f5 Kd5 47. Kg7
Ke5 48. f6 Ke6 49. f7 {Black resigns} 1-0

[Event "Team 45 45 League T53"]
[Site "Internet Chess Club"]
[Date "2012.06.24"]
[Round "6"]
[White "LittleWarrior"]
[Black "grabuark"]
[Result "1/2-1/2"]
[WhiteElo "1955"]
[BlackElo "2180"]
[Opening "Sicilian: Grand Prix attack"]
[ECO "B23"]
[Time "20:00:12"]
[TimeControl "2700+45"]

1. e4 c5 2. Nc3 Nc6 3. f4 e6 4. Nf3 d5 5. Bb5 Ne7 6. Bxc6+ Nxc6 7. exd5 exd5 8.
O-O Be7 9. d4 O-O 10. Be3 Bg4 11. Qd2 Bxf3 12. Rxf3 Rc8 13. Ne2 c4 14. c3 f5 15.
Re1 b5 16. Ng3 Qd7 17. Bf2 Bd6 18. Qe2 Rce8 19. Re3 Rxe3 20. Qxe3 Ne7 21. Nf1 b4
22. Bh4 Ng6 23. Bg3 Rb8 24. Qf3 Qf7 25. Ne3 Ne7 26. Bh4 Ng6 27. Bg3 {Game drawn
by mutual agreement} 1/2-1/2

[Event "Team 45 45 League T53"]
[Site "Internet Chess Club"]
[Date "2012.06.22"]
[Round "6"]
[White "DreamCatcher13"]
[Black "Tobiasdelmonte"]
[Result "0-1"]
[WhiteElo "2025"]
[BlackElo "1774"]
[Opening "French: Tarrasch"]
[ECO "C03"]
[Time "22:26:42"]
[TimeControl "2700+45"]

1. e4 e6 2. d4 d5 3. Nd2 Be7 4. Ngf3 Nf6 5. e5 Nfd7 6. Bd3 c5 7. c3 b6 8. Qe2
Nc6 9. a3 Nf8 10. O-O Ng6 11. Rd1 Nf4 12. Qf1 g5 13. Nb1 Nxd3 14. Qxd3 g4 15.
Ne1 a5 16. Bh6 Ba6 17. Qg3 Rg8 18. a4 Rc8 19. Na3 Rg6 20. Qf4 cxd4 21. cxd4 Nb4
22. Nb5 Bxb5 23. axb5 Qd7 24. Rac1 Rxc1 25. Rxc1 Qxb5 26. Rc8+ Kd7 27. Qc1 Nc6
28. Rh8 Qc4 29. Qxc4 dxc4 30. Be3 h6 31. Nc2 f6 32. exf6 Bxf6 33. Rh7+ Kd6 34.
Na3 Nxd4 35. Nxc4+ Kc6 36. Bxh6 a4 37. Be3 b5 38. Nd2 Nf5 39. b4 Nxe3 40. fxe3
Bc3 41. Ne4 Bxb4 42. Kf2 Kb6 43. Kg3 a3 44. Rd7 Bc5 45. Kf4 b4 46. Rd8 Rg7 47.
Rb8+ Ka7 48. Rb5 Bf8 49. Nd2 Ka6 50. Rb8 Bd6+ 51. Ke4 Bxb8 {White resigns} 0-1

[Event "Team 45 45 League T53"]
[Site "Internet Chess Club"]
[Date "2012.06.26"]
[Round "6"]
[White "Goli"]
[Black "AntonioMendonca"]
[Result "0-1"]
[WhiteElo "1871"]
[BlackElo "1890"]
[Opening "French: exchange variation"]
[ECO "C01"]
[Time "16:15:54"]
[TimeControl "2700+45"]

1. e4 e6 2. d4 d5 3. exd5 exd5 4. Bd3 Nf6 5. Ne2 Bd6 6. Bg5 Bg4 7. f3 Bh5 8.
Nbc3 h6 9. Bh4 c6 10. Qd2 Nbd7 11. O-O-O Qc7 12. Bg3 O-O-O 13. Bxd6 Qxd6 14.
Rde1 Rhe8 15. Nf4 g5 16. Nxh5 Nxh5 17. g3 Ng7 18. Rxe8 Rxe8 19. Re1 Rxe1+ 20.
Qxe1 Kc7 21. a3 f5 22. Na4 f4 23. g4 Qf6 24. c3 b5 25. Nc5 Nxc5 26. dxc5 Qe6 27.
Qxe6 Nxe6 28. b4 a5 29. Bf5 Nd8 30. Kd2 Nf7 31. Bd3 Ne5 32. Be2 a4 33. h3 Kd7
34. Kc2 Ke6 35. Kd2 Kf6 36. Kc2 Kg6 37. Bd3+ Kg7 38. Be2 h5 39. Kd2 Ng6 40. Kd3
Nh4 41. gxh5 Nf5 42. Kd2 Ne3 43. Bxb5 cxb5 44. Kd3 Nf5 45. c6 Ne7 46. c7 Kh6 47.
Kd4 Kxh5 48. Kc5 Kh4 49. Kxb5 Kxh3 50. Kxa4 g4 51. b5 gxf3 52. b6 f2 53. b7 f1=Q
54. c8=Q+ Nxc8 55. bxc8=Q+ Kh2 56. Qh8+ Qh3 57. Qe5 Qe3 58. Qxd5 f3 59. Qh5+ Kg2
60. Qg4+ Kf1 61. Qc4+ Qe2 62. Qh4 Qc2+ 63. Kb4 f2 64. Qh1+ Ke2 65. Qh5+ Kf1 66.
Qh1+ Ke2 67. Qh5+ Ke1 68. Qh4 Qe2 69. c4 Kd1 70. Kb5 f1=Q 71. Qd4+ Qd2 72. Qa1+
Ke2 73. Qe5+ Qe3 74. Qb2+ Qd2 75. Qe5+ Kf3 76. Qf5+ Qf4 77. Qh5+ Ke4 78. Qd5+
Ke3 79. Qe6+ Kd4 80. Qd7+ Kc3 81. Qg7+ Kb3 82. Qb7 Q4xc4+ 83. Ka5+ Kxa3 84. Qb3+
Kxb3 {White resigns} 0-1

[Event "Team 45 45 League T53"]
[Site "Internet Chess Club"]
[Date "2012.06.29"]
[Round "6"]
[White "Chess-Dream"]
[Black "chess9793"]
[Result "0-1"]
[WhiteElo "1973"]
[BlackElo "2179"]
[Opening "Grünfeld: modern exchange variation"]
[ECO "D85"]
[Time "19:00:24"]
[TimeControl "2700+45"]

1. d4 Nf6 2. c4 g6 3. Nc3 d5 4. cxd5 Nxd5 5. e4 Nxc3 6. bxc3 Bg7 7. Nf3 c5 8.
Rb1 O-O 9. Be2 cxd4 10. cxd4 Qa5+ 11. Qd2 Qxd2+ 12. Bxd2 b6 13. Rc1 Bb7 14. Bd3
Rd8 15. Be3 Nc6 16. d5 Nb4 17. Bc4 Rac8 18. Bd2 Bb2 19. Rb1 Rxc4 {White resigns}
0-1

[Event "Team 45 45 League T53"]
[Site "Internet Chess Club"]
[Date "2012.06.25"]
[Round "6"]
[White "elmaestro"]
[Black "sounix"]
[Result "0-1"]
[WhiteElo "1810"]
[BlackElo "1983"]
[Opening "Sicilian: Najdorf, Opocensky variation"]
[ECO "B92"]
[Time "12:15:39"]
[TimeControl "2700+45"]

1. e4 c5 2. Nf3 d6 3. d4 cxd4 4. Nxd4 Nf6 5. Nc3 a6 6. Be2 e5 7. Nb3 Be7 8. O-O
O-O 9. Be3 Be6 10. f4 exf4 11. Bxf4 Nc6 12. Kh1 Rc8 13. Nd4 Nxd4 14. Qxd4 Ne8
15. e5 dxe5 16. Qxd8 Rxd8 17. Bxe5 Nf6 18. h3 Nd5 19. Nxd5 Bxd5 20. c4 Bc6 21.
Bf3 Bxf3 22. Rxf3 Rfe8 23. Raf1 f6 24. Bc3 Bc5 25. b4 Ba7 26. a4 Re4 27. c5 b6
28. cxb6 Bxb6 29. a5 Ba7 30. g4 Re2 31. g5 Kf7 32. gxf6 g6 33. Rb1 Rd5 34. Rc1
Rg5 35. Bd4 Bxd4 36. Rc7+ Kf8 37. Rf1 Rg3 38. Rxh7 Rgg2 39. Rh8+ Kf7 40. Rh7+
Kg8 41. Rg7+ Kf8 {White resigns} 0-1

[Event "Team 45 45 League T53"]
[Site "Internet Chess Club"]
[Date "2012.06.23"]
[Round "6"]
[White "Innes"]
[Black "flyingpawns"]
[Result "0-1"]
[WhiteElo "1749"]
[BlackElo "1840"]
[Opening "French: exchange variation"]
[ECO "C01"]
[Time "18:28:24"]
[TimeControl "2700+45"]

1. e4 e6 2. d4 d5 3. exd5 exd5 4. Bd3 Bd6 5. Qf3 Ne7 6. Ne2 Be6 7. O-O Qd7 8. b3
Nbc6 9. c4 b6 10. Nbc3 O-O 11. Kh1 Bg4 12. Qe3 dxc4 13. bxc4 Rfe8 14. Qd2 Bb4
15. f3 Bf5 16. Bxf5 Nxf5 17. d5 Ne5 18. Qg5 Nxc4 19. Ne4 Kh8 20. Nf4 Be7 21. Qh5
Nfd6 22. g4 Nxe4 23. fxe4 Bf6 24. Rb1 Rxe4 25. g5 Re5 26. Rg1 Qf5 27. Qxf7 Re7
28. Qh5 Bd4 29. Rb3 Bxg1 30. Kxg1 Re1+ 31. Kg2 Rxc1 32. Rh3 Qc2+ 33. Ne2 Qe4+
34. Kf2 Rf8+ 35. Kg3 Qe3+ 36. Kg2 Rf2# {White checkmated} 0-1

[Event "Team 45 45 League T53"]
[Site "Internet Chess Club"]
[Date "2012.06.25"]
[Round "6"]
[White "hi12980"]
[Black "WillC"]
[Result "0-1"]
[WhiteElo "1599"]
[BlackElo "1771"]
[Opening "Ruy Lopez: Wing attack"]
[ECO "C78"]
[Time "21:00:20"]
[TimeControl "2700+45"]

1. e4 e5 2. Nf3 Nc6 3. Bb5 a6 4. Ba4 Nf6 5. O-O b5 6. Bb3 Be7 7. a4 Bb7 8. d3 d6
9. Nc3 Na5 10. axb5 Nxb3 11. cxb3 axb5 12. Rxa8 Qxa8 13. Nxb5 Qa5 14. Nc3 O-O
15. Bd2 Qa6 16. Qc2 c5 17. Rd1 Nh5 18. Be3 f5 19. Qe2 f4 20. Bd2 Nf6 21. Rc1 Bc8
22. h3 Be6 23. Qd1 Qxd3 24. Qe1 Ra8 25. Qf1 Qxf1+ 26. Rxf1 Bxb3 27. Re1 h6 28.
Kh2 g5 29. g4 fxg3+ 30. fxg3 Kg7 31. g4 Bc2 32. Re3 Rb8 33. Bc1 Rb4 34. Nd2 Ba4
35. Nxa4 Rxa4 36. b3 Ra2 37. Kg3 Rc2 38. Re1 Kf7 39. Rf1 Ke6 40. Kf3 Bd8 41. Re1
Ba5 42. Ke3 Rc3+ 43. Kf2 Rxh3 44. Kg2 Bxd2 45. Bxd2 Rxb3 46. Re3 Rb2 47. Re2
Nxe4 48. Rxe4 Rxd2+ 49. Kf3 d5 50. Re3 e4+ 51. Kg3 Rd3 52. Rxd3 exd3 53. Kf2 Ke5
54. Ke3 c4 55. Kd2 Kf4 56. Kc3 Kxg4 57. Kd2 Kf3 58. Kc3 g4 59. Kd2 d4 60. Ke1 c3
61. Kd1 g3 62. Ke1 g2 63. Kd1 g1=Q# {White checkmated} 0-1

[Event "Team 45 45 League T53"]
[Site "Internet Chess Club"]
[Date "2012.06.25"]
[Round "6"]
[White "flyingpawns"]
[Black "JustinL"]
[Result "1/2-1/2"]
[WhiteElo "1844"]
[BlackElo "1918"]
[Opening "Queen's gambit declined"]
[ECO "D30"]
[Time "15:00:26"]
[TimeControl "2700+45"]

1. d4 d5 2. c4 e6 3. Nf3 Nf6 4. a3 a6 5. Nc3 dxc4 6. a4 Nc6 7. e3 Na5 8. Qc2 Nd5
9. e4 Nb4 10. Qd1 c5 11. Be3 cxd4 12. Nxd4 Nd3+ 13. Bxd3 cxd3 14. O-O e5 15. Nf3
Nc4 16. Nd5 Nxe3 17. Nxe3 f6 18. Qb3 Bc5 19. Rfe1 Qb6 20. Qxd3 Be6 21. a5 Qd6
22. Qxd6 Bxd6 23. Red1 Ke7 24. Rac1 Rac8 25. Nd2 Bb4 26. Ndc4 Rhd8 27. b3 Rd4
28. Nb6 Rxc1 29. Rxc1 Bxa5 30. Rc7+ Kd6 31. Rxb7 Kc6 32. Re7 Bxb3 33. Nbd5 Bxd5
34. exd5+ Kc5 35. Rxg7 f5 36. g3 f4 37. gxf4 exf4 38. Ng4 h5 39. Nf6 Bd8 40.
Nxh5 f3 41. Kh1 Rxd5 42. Nf4 Bf6 43. Rc7+ Kd6 44. Nxd5 Kxd5 45. Ra7 Bd4 46. Rxa6
Bxf2 47. Ra2 Be3 48. h3 Ke4 {Game drawn by mutual agreement} 1/2-1/2

[Event "Team 45 45 League T53"]
[Site "Internet Chess Club"]
[Date "2012.06.21"]
[Round "6"]
[White "Kingofknights"]
[Black "FlyingTiger"]
[Result "1/2-1/2"]
[WhiteElo "1627"]
[BlackElo "1729"]
[Opening "Grünfeld defense"]
[ECO "D80"]
[Time "19:00:39"]
[TimeControl "2700+45"]

1. d4 Nf6 2. c4 g6 3. Nc3 d5 4. e3 Bg7 5. f4 O-O 6. Nf3 c5 7. dxc5 Qa5 8. Be2
Ne4 9. Bd2 Nxc3 10. Qb3 dxc4 11. Bxc4 Qxc5 12. bxc3 Nc6 13. Be2 Be6 14. Qb5 Qa3
15. Nd4 a6 16. Qxb7 Nxd4 17. cxd4 Rfb8 18. Qf3 Qb2 19. Rd1 Qxa2 20. Kf2 Bd5 21.
e4 Bxd4+ 22. Be3 Bxe3+ 23. Qxe3 Bc4 24. Rd2 Rb2 25. Rhd1 Bxe2 26. Qxe2 Rxd2 27.
Rxd2 Qa5 28. Qd3 Qb6+ 29. Qd4 Qc7 30. g3 a5 31. Ra2 Qc6 32. h4 Qe6 33. Rxa5 Rc8
34. Rd5 Rc2+ 35. Kf3 f6 36. g4 Qa6 37. Rd8+ Kg7 38. Qd3 Qa2 39. Rd7 Rf2+ 40. Ke3
Kf8 {Game drawn by mutual agreement} 1/2-1/2

[Event "Team 45 45 League T53"]
[Site "Internet Chess Club"]
[Date "2012.06.25"]
[Round "6"]
[White "krysto"]
[Black "Bryant-L"]
[Result "1-0"]
[WhiteElo "1649"]
[BlackElo "1464"]
[Opening "QGD: Ragozin variation"]
[ECO "D38"]
[Time "16:45:34"]
[TimeControl "2700+45"]

1. d4 d5 2. c4 e6 3. Nc3 Bb4 4. Nf3 Nf6 5. Bg5 Nbd7 6. e3 h6 7. Bxf6 Nxf6 8.
Qa4+ Bd7 9. Qxb4 b6 10. cxd5 exd5 11. Be2 a5 12. Qb3 Be6 13. Bb5+ Bd7 14. Ne5
O-O 15. Bxd7 Nxd7 16. Nxd7 Qxd7 17. Qxd5 Qe7 18. O-O Rad8 19. Qe4 Qd7 20. Rac1
Rfe8 21. Qf3 Re6 22. d5 Rf6 23. Qe2 Qf5 24. e4 Qg5 25. e5 Rg6 26. g3 h5 27. f4
Qf5 28. Rcd1 h4 29. Qe4 Qg4 30. f5 Qxe4 31. Nxe4 Rg4 32. Rf4 Rxf4 33. gxf4 Kf8
34. e6 fxe6 35. fxe6 Ke7 36. f5 Rf8 37. Rf1 Rd8 38. Nc3 Kd6 39. f6 gxf6 40. Rxf6
Rg8+ 41. Kf1 h3 42. Rf7 Rg2 43. Ne4+ Kxd5 44. e7 Rxh2 {Black resigns} 1-0

[Event "Team 45 45 League T53"]
[Site "Internet Chess Club"]
[Date "2012.06.22"]
[Round "6"]
[White "medsurg"]
[Black "milesotoole"]
[Result "0-1"]
[WhiteElo "1397"]
[BlackElo "1591"]
[Opening "Dutch with c4 & Nc3"]
[ECO "A85"]
[Time "21:36:37"]
[TimeControl "2700+45"]

1. d4 f5 2. c4 Nf6 3. Nc3 d6 4. e3 g6 5. Be2 Bg7 6. f4 Nbd7 7. Nf3 O-O 8. Ng5
Nb6 9. O-O Qe8 10. g4 h6 11. h4 hxg5 12. hxg5 Nxg4 13. e4 c5 14. Bxg4 Bxd4+ 15.
Kg2 fxg4 16. Ne2 Qc6 17. Qd3 Bf5 18. Ng3 Bd7 {White resigns} 0-1

[Event "Team 45 45 League T53"]
[Site "Internet Chess Club"]
[Date "2012.06.22"]
[Round "6"]
[White "rook9999"]
[Black "Juan73"]
[Result "1-0"]
[WhiteElo "1875"]
[BlackElo "1667"]
[Opening "Scotch game"]
[ECO "C45"]
[Time "19:14:26"]
[TimeControl "2700+45"]

1. e4 e5 2. Nf3 Nc6 3. d4 exd4 4. Nxd4 Bc5 5. Be3 Nxd4 6. Bxd4 Bxd4 7. Qxd4 Nf6
8. Nc3 O-O 9. O-O-O d6 10. e5 Ng4 11. f4 c5 12. Qd2 Be6 13. h3 Nh6 14. exd6 Nf5
15. g4 Nd4 16. f5 Bd7 17. Nd5 Bc6 18. Ne7+ Kh8 19. Nxc6 bxc6 20. Bg2 Rb8 21. c3
Qa5 22. b4 Qa3+ 23. Qb2 Ne2+ 24. Kc2 cxb4 25. Qxa3 bxa3 26. Bxc6 Rfd8 27. d7 Nf4
28. c4 Rb2+ 29. Kc3 Ne2+ 30. Kd3 Nf4+ 31. Kd4 Ne2+ 32. Kc5 Nf4 33. Rhe1 Ne2 34.
Kd6 h5 35. Kc7 Rf8 36. d8=Q Rxd8 37. Rxd8+ Kh7 38. Rdd1 Rxa2 39. Ra1 Rc2 40.
Rxa3 Nd4 41. Ra4 Kh6 42. Re4 Nb3 43. Rxa7 Nd2 44. Re2 hxg4 45. hxg4 Kg5 46. Rg2
Kf4 47. Kc8 Rxc4 48. Rxd2 Rxc6+ 49. Kd7 Rb6 50. Rd4+ Kg5 51. Ke7 Rf6 52. Kf8 g6
53. Rxf7 Rc6 54. Rg7 Rc8+ 55. Ke7 Rc7+ 56. Rd7 Rc6 57. Rxg6+ Rxg6 58. fxg6 Kxg6
59. Rd5 Kh6 60. Kf6 Kh7 61. Rg5 Kh8 62. Kf7 {Black resigns} 1-0

[Event "Team 45 45 League T53"]
[Site "Internet Chess Club"]
[Date "2012.06.26"]
[Round "6"]
[White "ausya"]
[Black "sockmonkey"]
[Result "1/2-1/2"]
[WhiteElo "1581"]
[BlackElo "1408"]
[Opening "Caro-Kann: Panov-Botvinnik attack, 5...e6"]
[ECO "B14"]
[Time "09:30:23"]
[TimeControl "2700+45"]

1. e4 c6 2. d4 d5 3. exd5 cxd5 4. c4 Nf6 5. Nc3 e6 6. Nf3 Bb4 7. Bd2 O-O 8. a3
Bxc3 9. Bxc3 Nc6 10. Bd3 dxc4 11. Bxc4 Ne4 12. O-O Nxc3 13. bxc3 Qa5 14. Qc2 b5
15. Bd3 g6 16. Rfb1 Rb8 17. c4 bxc4 18. Bxc4 Rxb1+ 19. Qxb1 Ba6 20. Bxa6 Qxa6
21. Qe4 Qc4 22. Rd1 Qd5 23. Qxd5 exd5 24. Re1 Rb8 25. g3 Kf8 26. Kg2 Rb3 27. Re3
Rxe3 28. fxe3 f6 29. Kf2 Na5 30. Nd2 Ke7 31. e4 Kd6 32. Ke3 Nc4+ 33. Nxc4+ dxc4
34. Kd2 f5 35. exf5 gxf5 36. Kc3 Kd5 37. h3 h6 {Game drawn by mutual agreement}
1/2-1/2

[Event "Team 45 45 League T53"]
[Site "Internet Chess Club"]
[Date "2012.06.23"]
[Round "6"]
[White "PANAMA-REY"]
[Black "scotty30"]
[Result "1-0"]
[WhiteElo "1440"]
[BlackElo "1471"]
[Opening "Scandinavian (center counter) defense"]
[ECO "B01"]
[Time "10:02:10"]
[TimeControl "2700+45"]

1. e4 d5 2. exd5 Qxd5 3. d4 Nf6 4. Nf3 c6 5. c4 Qd8 6. h3 Bf5 7. Be2 e6 8. Nc3
Be7 9. O-O O-O 10. Ne5 Nbd7 11. f4 Nb6 12. c5 Nbd5 13. Nxd5 Nxd5 14. Nf3 Qc7 15.
Ne5 Rad8 16. Bg4 Bxg4 17. Qxg4 Nf6 18. Qd1 Bxc5 19. Be3 Nd5 20. Bf2 Nxf4 21. Qf3
Rxd4 22. Bxd4 Bxd4+ 23. Kh1 Bxe5 24. Rae1 Nd5 25. Qh5 Bxb2 26. Qf3 Bf6 27. Re4
c5 28. Rg4 c4 29. Rb1 Qc6 30. Rd1 c3 31. Qd3 b5 32. Rc1 b4 33. Qf3 a5 34. h4 a4
35. h5 b3 36. axb3 axb3 37. h6 g6 38. Rf4 b2 39. Rf1 c2 40. Rxf6 Nxf6 41. Qxf6
Qc3 42. Qxc3 f6 43. Qxc2 Kf7 44. Qxb2 e5 45. Qxe5 Kg8 46. Qe6+ Kh8 47. Rxf6 Rg8
48. Qe5 Re8 49. Rf8# {Black checkmated} 1-0

[Event "Team 45 45 League T53"]
[Site "Internet Chess Club"]
[Date "2012.06.29"]
[Round "6"]
[White "SlimeDog2"]
[Black "Ptzz"]
[Result "1/2-1/2"]
[WhiteElo "2158"]
[BlackElo "2030"]
[Opening "QGD Slav: 4.e3 Bf5"]
[ECO "D12"]
[Time "13:04:42"]
[TimeControl "2700+45"]

1. Nf3 d5 2. d4 Nf6 3. c4 c6 4. e3 Bf5 5. Nc3 e6 6. Nh4 Be4 7. f3 Bg6 8. a3 Ne4
9. Nxg6 Nxc3 10. Qb3 hxg6 11. Qxb7 Na4 12. Qb3 Nb6 13. c5 Nc4 14. Qb7 Nd7 15.
Qxc6 Be7 16. b3 Rc8 17. Qa6 Qa5+ 18. Qxa5 Nxa5 19. Ba6 Rb8 20. b4 Nb3 21. Rb1
Nxc1 22. c6 Nd3+ 23. Ke2 Nf4+ 24. exf4 Nb6 25. c7 Rc8 26. Rbc1 Bd6 27. Bxc8 Nxc8
28. g3 Kd7 29. Kd3 Nb6 30. Rc2 Nc4 31. Ra1 Kxc7 32. Kc3 Kb6 33. a4 Be7 34. b5
Ka5 35. Kd3 Rh3 36. Raa2 Ba3 37. Kc3 Kxa4 38. Rc1 Kxb5 39. Rb1+ Kc6 40. Rb3 a5
41. Raxa3 Nxa3 42. Rxa3 Rxh2 43. Rxa5 Rf2 44. Ra7 Rxf3+ 45. Kd2 Rxg3 46. Rxf7
Kb5 47. Rxg7 Kc4 48. Re7 g5 49. fxg5 Rxg5 50. Rxe6 Rg2+ 51. Ke3 Rg3+ 52. Kd2
Rd3+ 53. Ke2 Kxd4 54. Ra6 Rb3 55. Rh6 Rg3 56. Ra6 Rg2+ 57. Kd1 Ke3 58. Ra3+ Ke4
59. Rh3 d4 60. Ra3 Rf2 61. Rh3 Kd5 62. Ra3 Kc4 63. Rh3 Rf1+ 64. Kd2 Ra1 65. Rg3
Ra2+ {Game drawn by mutual agreement} 1/2-1/2

[Event "Team 45 45 League T53"]
[Site "Internet Chess Club"]
[Date "2012.06.23"]
[Round "6"]
[White "Jack-ONeill"]
[Black "sonoftill"]
[Result "1/2-1/2"]
[WhiteElo "2093"]
[BlackElo "1878"]
[Opening "Catalan: closed, 5.Nf3"]
[ECO "E06"]
[Time "12:11:24"]
[TimeControl "2700+45"]

1. d4 e6 2. c4 Nf6 3. g3 d5 4. Nf3 Be7 5. Bg2 Ne4 6. O-O Nd7 7. Qc2 f5 8. Nbd2
O-O 9. Ne1 c6 10. Nd3 a5 11. Nf3 b5 12. cxb5 cxb5 13. Qc6 Qb6 14. Qxa8 Ba6 15.
Qxf8+ Kxf8 16. Bf4 b4 17. Rfc1 Bc4 18. b3 Bxd3 19. Rc8+ Kf7 20. exd3 Nd6 21.
Bxd6 Bxd6 22. Rac1 Qb7 23. Ng5+ Kf6 24. R8c6 Qb8 25. Rc8 Qb5 26. R8c6 Qb8 27.
Rc8 Qb5 {Game drawn by mutual agreement} 1/2-1/2

[Event "Team 45 45 League T53"]
[Site "Internet Chess Club"]
[Date "2012.06.27"]
[Round "6"]
[White "cesaralexander"]
[Black "PandorasBox"]
[Result "0-1"]
[WhiteElo "1898"]
[BlackElo "1880"]
[Opening "Budapest: Fajarowicz variation"]
[ECO "A51"]
[Time "16:49:22"]
[TimeControl "2700+45"]

1. d4 Nf6 2. c4 e5 3. dxe5 Ne4 4. Nf3 d6 5. Bf4 Nc6 6. Nbd2 Bf5 7. Nxe4 Bxe4 8.
e3 Bxf3 9. Qxf3 dxe5 10. Bg3 Bb4+ 11. Ke2 Qd2# {White checkmated} 0-1

[Event "Team 45 45 League T53"]
[Site "Internet Chess Club"]
[Date "2012.06.23"]
[Round "6"]
[White "ivanson"]
[Black "katikus"]
[Result "0-1"]
[WhiteElo "1800"]
[BlackElo "1852"]
[Opening "Bird's opening"]
[ECO "A03"]
[Time "18:00:45"]
[TimeControl "2700+45"]

1. f4 d5 2. b3 Nf6 3. e3 g6 4. Bb2 Bg7 5. Nf3 O-O 6. Be2 Bg4 7. h3 Bd7 8. Ne5 c5
9. O-O Nc6 10. Bf3 Qc7 11. Nxd7 Qxd7 12. Nc3 Rad8 13. Ne2 e6 14. d3 Ne8 15. Bxg7
Nxg7 16. c4 Nf5 17. Qc1 dxc4 18. dxc4 Nb4 19. e4 Nd4 20. Qc3 Nxf3+ 21. Rxf3 Qd2
22. a3 Qxe2 23. axb4 Rd2 24. Rg3 Rfd8 25. Qf3 Rd1+ 26. Rxd1 Rxd1+ 27. Kh2 Qe1
28. Rg4 h5 29. Rh4 Qxh4 30. Qxd1 Qxf4+ 31. Kg1 Qe3+ 32. Kh2 cxb4 33. Qc2 Qc3 34.
Qd1 Qe5+ 35. Kh1 Qxe4 36. c5 Qd5 {White resigns} 0-1

[Event "Team 45 45 League T53"]
[Site "Internet Chess Club"]
[Date "2012.06.23"]
[Round "6"]
[White "chesswooog"]
[Black "chesskilleruk"]
[Result "1-0"]
[WhiteElo "2119"]
[BlackElo "2091"]
[Opening "Sicilian: Smith-Morra gambit"]
[ECO "B21"]
[Time "21:00:23"]
[TimeControl "2700+45"]

1. e4 c5 2. d4 cxd4 3. c3 d3 4. Bxd3 Nc6 5. c4 d6 6. Nc3 g6 7. h3 Bg7 8. Nf3 Nf6
9. Be3 O-O 10. Rc1 Bd7 11. Qd2 Rc8 12. Bh6 Nb4 13. Be2 Be6 14. Bxg7 Kxg7 15. b3
a6 16. O-O Qa5 17. Nd5 Bxd5 18. exd5 Rc7 19. a3 Qxa3 20. Ra1 Qxb3 21. Nd4 {Black
resigns} 1-0

[Event "Team 45 45 League T53"]
[Site "Internet Chess Club"]
[Date "2012.06.23"]
[Round "6"]
[White "kasperloff"]
[Black "filiusdextris"]
[Result "0-1"]
[WhiteElo "1906"]
[BlackElo "1994"]
[Opening "Modern defense: Averbakh system, Kotov variation"]
[ECO "A40"]
[Time "11:01:15"]
[TimeControl "2700+45"]

1. d4 g6 2. c4 Bg7 3. Nc3 d6 4. e4 Nc6 5. Be3 e5 6. Nge2 f5 7. exf5 Bxf5 8. d5
Nce7 9. Ng3 Nf6 10. Bd3 O-O 11. f3 c6 12. dxc6 bxc6 13. O-O d5 14. cxd5 Nexd5
15. Nxf5 gxf5 16. Bc5 Re8 17. Bxf5 Qa5 18. Bf2 Nxc3 19. bxc3 e4 20. Qb3+ Kh8 21.
fxe4 Nxe4 22. Bxe4 Rxe4 23. Qb7 Rae8 24. Bd4 Bxd4+ 25. cxd4 Qd5 26. Qf7 Qxd4+
27. Kh1 R4e7 28. Qf3 c5 29. h3 Re3 30. Qf6+ Qxf6 31. Rxf6 Rc8 32. Rf7 c4 33. Rc1
c3 34. Rc2 Rd3 35. Rf3 Rxf3 36. gxf3 Kg7 37. Kg2 Kf6 38. Kf2 Kg5 39. Kg3 Kf5 40.
Kf2 Kf4 41. h4 h5 42. a3 a6 43. Ke2 Kg3 44. Ke3 Kxh4 45. f4 Kg4 46. Rg2+ Kf5 47.
Rc2 h4 48. Kf3 Rc4 49. Ke3 h3 50. Kd3 Rc8 {White resigns} 0-1

[Event "Team 45 45 League T53"]
[Site "Internet Chess Club"]
[Date "2012.06.24"]
[Round "6"]
[White "Holzschlange"]
[Black "tenor"]
[Result "1-0"]
[WhiteElo "1840"]
[BlackElo "1785"]
[Opening "English opening"]
[ECO "A05"]
[Time "16:02:07"]
[TimeControl "2700+45"]

1. Nf3 Nf6 2. c4 g6 3. g3 Bg7 4. Bg2 d6 5. O-O O-O 6. Nc3 Nc6 7. Rb1 Bf5 8. d3
Qd7 9. Re1 a5 10. a3 e5 11. Bg5 h6 12. Bxf6 Bxf6 13. Nd5 Bg7 14. b4 axb4 15.
axb4 e4 16. Nh4 exd3 17. Nxf5 dxe2 18. Nxh6+ Bxh6 19. Rxe2 Bg7 20. b5 Ne5 21.
Qc2 Rfe8 22. b6 Nc6 23. Rxe8+ Rxe8 24. bxc7 Nd4 25. Qd2 Re2 26. Qa5 Qc8 27. Qb6
Re8 28. Qxd6 Nc6 29. Nb6 Qf5 30. Rd1 Bd4 31. Rxd4 Nxd4 32. Qxd4 Kh7 33. Bxb7 Qh3
34. Qd2 Qf5 35. Kg2 Qc5 36. c8=Q Rxc8 37. Nxc8 Qxc4 38. Qd5 {Black resigns} 1-0